 Dungeon Crawl Stone Soup version 0.23-a0-183-gf37f6fb (webtiles) character file.

177 iamserjio the Shooter (level 5, 0/45 HPs)
             Began as a Draconian Wanderer on Sept 21, 2018.
             Slain by a shadow imp (1 damage)
             ... summoned by Eustachio
             ... on level 4 of the Dungeon.
             The game lasted 00:06:16 (2698 turns).

iamserjio the Shooter (Draconian Wanderer)          Turns: 2698, Time: 00:06:17

Health: 0/45       AC:  6    Str: 13    XL:     5   Next: 31%
Magic:  5/5        EV: 11    Int: 13    God:
Gold:   167        SH:  0    Dex: 12    Spells: 4/4 levels left

rFire    + . .     SeeInvis .   x - +3 dagger (venom)
rCold    + . .     Gourm    .   (no shield)
rNeg     . . .     Faith    .   (armour unavailable)
rPois    +         Spirit   .   (helmet restricted)
rElec    +         Reflect  .   (no cloak)
rCorr    +         Harm     .   (no gloves)
MR       .....                  p - +0 pair of boots
Stlth    ++........             (no amulet)
HPRegen  0.15/turn              u - ring of flight
MPRegen  0.09/turn              (no ring)

@: resistant, flying
A: unfitting armour, cold-blooded, AC +5
a: no special abilities


You were on level 4 of the Dungeon.
You were hungry.

You visited 1 branch of the dungeon, and saw 4 of its levels.

You collected 167 gold pieces.

Inventory:

Hand Weapons
 a - a +2 shortbow
 c - a +0 mace
 e - a +0 dagger
 n - a +1 whip of electrocution
 s - a -1 flail
 x - a +3 dagger of venom (weapon)
Missiles
 b - 16 arrows
Armour
 p - a +0 pair of boots (worn)
Jewellery
 k - a cursed ring of teleportation {unknown}
 u - a ring of flight (left hand)
Scrolls
 h - a scroll of remove curse {@r2}
 i - a scroll of fear {unknown}
 l - a scroll of enchant weapon {unknown}
 m - a scroll of immolation {unknown}
 v - 2 scrolls of amnesia {unknown}
 w - a scroll of teleportation {unknown}
Potions
 g - a potion of haste
 j - a potion of agility
 o - a potion of lignification
Comestibles
 f - 3 rations


   Skills:
 + Level 3.2 Fighting
 * Level 6.1 Bows
   Level 1.7 Crossbows
 - Level 1.7 Stealth


You had 4 spell levels left.
You didn't know any spells.
Your spell library contained the following spells:

 Spells                   Type           Power        Failure   Level  Hunger
 Flame Tongue             Conj/Fire      #....        30%         1    ##.....
 Cause Fear               Hex            #.........   97%         4    #####..
 Bolt of Fire             Conj/Fire      #.........   100%        6    #######
 Dragon Form              Tmut           #.........   100%        7    #######
 Dragon's Call            Summ           #.........   100%        9    #######


Dungeon Overview and Level Annotations

Branches:
Dungeon (4/15)
 Temple: D:4-7

Altars:

Annotations:
D:3 Ijyb
D:4 Eustachio


Innate Abilities, Weirdness & Mutations

Your plain brown scales are hard. (AC +5)
You cannot fit into any form of body armour.
You are cold-blooded and may be slowed by cold attacks.


Message History

You miss Eustachio.
Your tail-slap misses Eustachio.
Eustachio gestures wildly while chanting.
Eustachio blinks!
The white imp gestures at you. The puff of frost hits you!
* * * LOW HITPOINT WARNING * * *
The shadow imp hits you.
* * * LOW HITPOINT WARNING * * *
It was a potion of resistance.
You feel protected. Eustachio completely misses you.
The shadow imp gestures at you. Pain shoots through your body!
* * * LOW HITPOINT WARNING * * *
It was a potion of flight.
You feel very buoyant.
You fly up into the air.
Eustachio hits you with a rapier.
* * * LOW HITPOINT WARNING * * *
The shadow imp hits you.
You die...

..a.............< #.
..#.##..#########
#.# #. #..#
#.#..#.##..#
#.#........#
#.#####.#..# #.#
#.#..#
#b#####....#########
#55@@...............
#5######..##########
#.# #..# #?# #..#
#.# #..# #.# #.>#
#.# #### #.# #.#


You could see Eustachio, a white imp, 2 shadow imps and a bat.

Vanquished Creatures
  An orc wizard (D:3)
  3 worker ants (D:4)
  3 adders
  2 oozes
  A worm (D:3)
  A dart slug (D:1)
  2 leopard geckos
  7 giant cockroaches
  3 goblins
  5 hobgoblins
  7 jackals
  8 kobolds
  A quokka (D:2)
  5 bats
  7 frilled lizards
  A quokka skeleton (D:3)
  7 rats
64 creatures vanquished.

Notes
Turn   | Place    | Note
-------+----------+-------------------------------------------
     0 | D:1      | iamserjio the Draconian Wanderer began the quest for the
                  | Orb.
     0 | D:1      | iamserjio set off with: a +2 shortbow, 21 arrows, a +0
                  | mace, a potion of curing {@q1}, a +0 dagger, a ration
     0 | D:1      | Reached XP level 1. HP: 16/16 MP: 1/1
    48 | D:1      | Reached XP level 2. HP: 23/23 MP: 2/2
   205 | D:1      | Reached skill level 5 in Bows
   505 | D:1      | Reached XP level 3. HP: 29/29 MP: 3/3
  1330 | D:2      | Reached XP level 4. HP: 34/37 MP: 4/4
  2139 | D:3      | Noticed Ijyb
  2647 | D:4      | Reached skill level 6 in Bows
  2647 | D:4      | Reached XP level 5. HP: 22/45 MP: 5/5
  2666 | D:4      | Noticed Eustachio
  2698 | D:4      | HP: 1/45 [Eustachio/rapier (5)]
  2698 | D:4      | Slain by a shadow imp

Vault maps used:
D:1:      dpeg_arrival_fog, nrook_mini_vaults, roderic_serpentine_path,
          minmay_misc_feat_plants, minmay_misc_feat_encased, minivault_19
D:2:      first_ration
D:3:      uniq_ijyb
D:4:      minmay_temple_entry_junction, nicolae_ossuary_entry_ruins, uniq_robin,
          uniq_duvessa, uniq_eustachio

Skill      XL: |  1  2  3  4 |
---------------+-------------+-----
Bows           | 5 6 |  6.1
Fighting       | 2 3 |  3.2
Crossbows      | |  1.7
Stealth        | |  1.7

Action                   |  1- 3 |  4- 6 || total
-------------------------+-------+-------++-------
Melee: Whip              |    51 |     9 ||    60
       Tailslap          |     2 |     8 ||    10
       Dagger            |       |    75 ||    75
 Fire: Shortbow          |    36 |       ||    36
  Use: Scroll            |       |     5 ||     5
       Potion            |       |     4 ||     4
 Stab: Sleeping          |     2 |     3 ||     5
  Eat: Chunk             |     1 |     4 ||     5
Armor: Skin              |    33 |    34 ||    67
Dodge: Dodged            |    49 |    49 ||    98

Table legend:
 A = Non-vault XP
 B = Vault XP
 C = Vault XP percentage of total XP
 D = Non-vault monster count
 E = Vault monster count
 F = Vault count percentage of total count
                 A         B        C        D         E       F
            +---------+---------+-------+---------+---------+-------
      Total |     254 |       0 |   0.0 |      64 |       0 |   0.0
            +---------+---------+-------+---------+---------+-------
        D:1 |      59 |       0 |   0.0 |      25 |       0 |   0.0
        D:2 |      60 |       0 |   0.0 |      18 |       0 |   0.0
        D:3 |      34 |       0 |   0.0 |      17 |       0 |   0.0
        D:4 |     101 |       0 |   0.0 |       4 |       0 |   0.0
            +---------+---------+-------+---------+---------+-------
